 Dungeon Crawl Stone Soup version 0.30-a0-250-g41c1d76940 (webtiles) character file.

Game seed: 5793699251351543903

4 croobank the Stinger (level 1, -1/15 HPs)
             Began as a Naga Venom Mage on Oct 12, 2022.
             Slain by a goblin
             ... wielding a +0 dagger
              (3 damage)
             ... on level 1 of the Dungeon.
             The game lasted 00:02:31 (168 turns).

croobank the Stinger (Naga Venom Mage)               Turns: 168, Time: 00:02:32

Health: -1/15      AC:  1    Str: 10    XL:     1   Next: 70%
Magic:  1/3        EV:  9    Int: 15    God:
Gold:   27         SH:  0    Dex: 11    Spells: 3/4 levels left

rFire   . . .      SeeInvis +    (no weapon)
rCold   . . .      Faith    .    (no shield)
rNeg    . . .      Spirit   .    a - +0 robe
rPois   +          Reflect  .    (no helmet)
rElec   .          Harm     .    (no cloak)
rCorr   .          Rampage  .    (no gloves)
Will    .....                    (no barding)
Stlth   ++........               (no amulet)
HPRegen 0.22/turn                (no ring)
MPRegen 0.08/turn                (no ring)

@: short of breath, very slow
A: AC +0, large, see invisible, deformed body, poison resistance, slowness 2,
spit poison 1, naga tail 1
a: Spit Poison


You were on level 1 of the Dungeon.
You visited 1 branch of the dungeon, and saw 1 of its levels.

You collected 27 gold pieces.

Inventory:

Armour
 a - a +0 robe (worn)
Scrolls
 d - a scroll of fog {unknown}
 f - a scroll of enchant weapon {unknown}
 g - a scroll of fear {unknown}
Potions
 b - a potion of magic
 c - a potion of brilliance {unknown}
 e - a potion of berserk rage {unknown}


   Skills:
 - Level 1.5 Dodging
 - Level 3.0 Stealth
 - Level 2.0 Spellcasting
 - Level 1.0 Transmutations
 + Level 4.5 Poison Magic


You had 3 spell levels left.
You knew the following spells:

 Your Spells              Type           Power      Damage    Failure   Level
a - Sting                 Tmut/Pois      36%        1d4       7%          1

Your spell library contained the following spells:

 Spells                   Type           Power      Damage    Failure   Level
 Poisonous Vapours        Pois/Air       16%        N/A       13%         2
 Mephitic Cloud           Conj/Pois/Air  6%         N/A       34%         3
 Olgreb's Toxic Radiance  Pois           15%        N/A       34%         4


Dungeon Overview and Level Annotations

Branches:
Dungeon (1/15)

Altars:


Innate Abilities, Weirdness & Mutations

Your serpentine skin is tough. (AC +0)
You have supernaturally acute eyesight. (SInv)
Armour fits poorly on your strangely shaped body.
Your system is resistant to poisons. (rPois)
You cover ground very slowly.
You can spit poison.
You have a snake-like lower body.


Message History

The hobgoblin shouts!
The endoplasm quivers.
You see here 15 gold pieces.
A goblin comes into view. It is wielding a +0 dagger.
The hobgoblin hits you. The endoplasm completely misses you.
The endoplasm attacks as you move away! The endoplasm barely misses you.
The goblin completely misses you. The endoplasm attacks as you move away!
The endoplasm barely misses you. The goblin barely misses you.
Aiming: Spit Poison (3% risk of failure)
Press: ? - help, Shift-Dir - straight line, f - endoplasm
Aim: an endoplasm (96% to hit)
The splash of poison hits the endoplasm.
The endoplasm completely resists.
The endoplasm barely misses you. The goblin completely misses you.
Unknown command.
You can't do that yet.
Unknown command.
Casting: Sting (safe; 7% risk of failure)
Confirm with . or Enter, or press ? or * to list all spells.
Aiming: Sting (safe; 7% risk of failure)
Press: ? - help, Shift-Dir - straight line, f/p - endoplasm
Aim: an endoplasm (97% to hit)
The sting hits the endoplasm.
The endoplasm partially resists.
The endoplasm is poisoned.
The endoplasm is lightly wounded.
The endoplasm closely misses you. The goblin hits you with a +0 dagger.
The hobgoblin hits you.
Casting: Sting (safe; 7% risk of failure)
Confirm with . or Enter, or press ? or * to list all spells.
Aiming: Sting (safe; 7% risk of failure)
Press: ? - help, Shift-Dir - straight line, f/p - endoplasm
Aim: an endoplasm (lightly wounded, poisoned, 97% to hit)
The sting hits the endoplasm.
The endoplasm partially resists.
The endoplasm looks even sicker.
The endoplasm is moderately wounded.
The hobgoblin hits you.
* * * LOW HITPOINT WARNING * * *
The endoplasm completely misses you. The goblin hits you with a +0 dagger.
You die...

............... .
.......####...###..
#.......#........# #..
#.......#........# #..
#.......#........#. #...
#......#.......#.. #...
#......†..........
#...##........##...#...
###....#@$...........#...
.......gJg...........#...
...............#...#.#...
.....!.........#.....#.#
###....................#.
..............####.......
...................#.....
.......####+#+####.......
...#+##..........[.......


You could see an endoplasm (very poisoned), a hobgoblin and a goblin.

Vanquished Creatures
  An endoplasm (D:1)
  A giant cockroach (D:1)
  A hobgoblin (D:1)
  A rat (D:1)
4 creatures vanquished.

Notes
Turn   | Place    | Note
-------+----------+-------------------------------------------
     0 | D:1      | croobank the Naga Venom Mage began the quest for the Orb.
     0 | D:1      | Reached XP level 1. HP: 15/15 MP: 3/3
   168 | D:1      | Slain by a goblin

Illustrated notes

Levels and vault maps discovered:
D:1:      minmay_arrival_diagonal_passages, layout_basic, minmay_small_reverse_x

Action                   || total
-------------------------++-------
Melee: Unarmed           ||     4
 Cast: Sting             ||     3
 Abil: Spit Poison       ||     6
Armor: Robe              ||     2
Dodge: Dodged            ||    11

Table legend: (Time is in decaauts)
 A = Elapsed time spent in this place.
 B = Non-inter-level travel time spent in this place.
 C = Inter-level travel time spent in this place.
 D = Time resting spent in this place.
 E = Time spent auto-exploring this place.
 F = Levels seen in this place.
 G = Mean time per level.
                   A        B        C        D        E       F      G
               +--------+--------+--------+--------+--------+-----+--------+
         Total |    191 |    191 |      0 |     52 |     56 |   1 |  191.0 |
       Dungeon |    191 |    191 |      0 |     52 |     56 |   1 |  191.0 |
               +--------+--------+--------+--------+--------+-----+--------+

Top non-repeatable levels by time:
     D:1: 191 daAuts
